 Dungeon Crawl Stone Soup version 0.17.0-73-gb648821 (webtiles) character file.

952 Miyamura the Conjurer (level 7, -1/61 HPs)
             Began as a Grey Draconian Conjurer on Dec 10, 2015.
             Was an Initiate of Sif Muna.
             Killed by nerve-wracking pain
             ... invoked by an orc priest
              (7 damage)
             ... on level 5 of the Dungeon.
             The game lasted 00:22:39 (6068 turns).

Miyamura the Conjurer (Grey Draconian Conjurer)     Turns: 6068, Time: 00:22:40

Health: -1/61      AC: 11    Str: 10    XL:     7   Next: 90%
Magic:  9/13       EV: 13    Int: 22    God:    Sif Muna [......]
Gold:   220        SH:  0    Dex: 12    Spells: 2 memorised, 11 levels left

rFire  . . .     SeeInvis .     g - +2 dagger (speed)
rCold  . . .     Clarity  .     (armour unavailable)
rNeg   . . .     SustAt   .     (no shield)
rPois  .         Gourm    .     (helmet restricted)
rElec  .         Spirit   .     (no cloak)
rCorr  .         Warding  .     (no gloves)
rMut   .         Stasis   .     (no boots)
MR     .....                    (no amulet)
Stlth  ++........               (no ring)
                                e - +5 ring of intelligence

@: not resistant to hostile enchantments, unstealthy
A: walk through water, unfitting armour, unbreathing, cold-blooded, AC +11
a: Renounce Religion


You were on level 5 of the Dungeon.
You worshipped Sif Muna.
Sif Muna was noncommittal.
You were not hungry.

You visited 1 branch of the dungeon, and saw 5 of its levels.

You collected 220 gold pieces.

Inventory:

Hand Weapons
 g - a +2 dagger of speed (weapon)
 o - a +0 dagger of pain
Missiles
 k - 47 stones (quivered)
Armour
 f - a cursed +0 shield
 l - a +0 buckler
Jewellery
 e - a +5 ring of intelligence (left hand)
Wands
 h - a wand of slowing (28)
 u - a wand of slowing (26)
Potions
 c - a potion of ambrosia {unknown}
 i - 2 potions of curing
 m - 2 potions of might
 n - a potion of brilliance {unknown}
 p - a potion of cancellation {unknown}
 r - a potion of flight {unknown}
Books
 a - a book of Conjurations

   Spells                             Type                      Level
   a - Magic Dart                     Conjuration                  1
   b - Searing Ray                    Conjuration                  2
   c - Dazzling Spray                 Conjuration/Hexes            3
   d - Fulminant Prism                Conjuration/Hexes            4
   e - Iskenderun's Mystic Blast      Conjuration                  4
   f - Iskenderun's Battlesphere      Conjuration/Charms           5
Comestibles
 b - 2 bread rations
 j - 2 beef jerkies
 t - a meat ration
 v - 13 fruits


   Skills:
 + Level 5.0 Fighting
 + Level 4.4 Dodging
 - Level 1.7 Stealth
 + Level 4.4 Spellcasting
 + Level 5.9 Conjurations


You had 11 spell levels left.
You knew the following spells:

 Your Spells              Type           Power        Failure   Level  Hunger
d - Magic Dart            Conj           ####         1%          1    None
s - Searing Ray           Conj           ####..       1%          2    #......


Dungeon Overview and Level Annotations

Branches:
Dungeon (5/15)
 Temple: D:4-7

Altars:
Fedhas
Kikubaaqudgha
Nemelex Xobeh
Ru
Sif Muna
Trog

Annotations:
D:1 Ijyb


Innate Abilities, Weirdness & Mutations

You can walk through water.
Your dull iron-grey scales are very hard (AC +11).
Your body does not fit into most forms of armour.
You can survive without breathing.
You are cold-blooded and may be slowed by cold attacks.


Message History

Here: an orc priest, wielding a dagger and wearing a chain mail (moderately wounded)
The floor.
Read which item? (? for menu, Esc to quit)
Okay, then.
Drink which item? (? for menu, Esc to quit)
Okay, then.
Casting: Searing Ray
Confirm with . or Enter, or press ? or * to list all spells.
Okay, then.
Okay, then.
There is a stone staircase leading up here.
The orc priest invokes the aid of Beogh against you.
Something smites you!
There is an open door here.
The orc priest invokes the aid of Beogh against you.
Something smites you!
* * * LOW HITPOINT WARNING * * *
The orc priest calls down the wrath of Beogh upon you.
Pain shoots through your body!
You die...

#.......###.## #......###.#.#
#.###.#.###.####....).....#.#
##.###.#......).......##.###.#
.......#####+######.#.##.# #.#
##.##### ##...## ###.##.###.#
.....# ##.....## #........#
...#.# ##.......## ###.#.#####
#....###.........###.........#
...<...'....o...@'.......###.#
#....###.........###.....# #.#
....># ##.......## #.#.#.# #.#
###### ##.....## #.#...# #.# #
##...## #.#.### #.# # ##'##
#.#.# #.# # #.# #.#.#####.# #
#.#######.........#
##...........#######


You could see an orc priest.

Vanquished Creatures
  A sky beast (D:5)
  A phantom (D:4)
  2 ogres
  A jelly (D:5)
  A scorpion (D:4)
  A vampire bat (D:2)
  A giant frog zombie (D:5)
  4 orc wizards
  3 orc priests
  4 gnolls
  7 adders
  An ooze (D:2)
  An adder skeleton (D:4)
  2 worms
  2 giant geckos (D:1)
  17 orcs
  5 bats
  3 bat skeletons (D:2)
  A bat zombie (D:2)
  7 hobgoblins
  12 jackals
  3 giant cockroaches
  4 giant newts
  21 goblins
  A jackal skeleton (D:4)
  9 kobolds
  5 quokkas
  6 rats
126 creatures vanquished.

Notes
Turn   | Place    | Note
--------------------------------------------------------------
     0 | D:1      | Miyamura the Draconian Conjurer began the quest for the Orb.
     0 | D:1      | Reached XP level 1. HP: 14/14 MP: 3/3
   396 | D:1      | Reached XP level 2. HP: 22/22 MP: 3/5
   593 | D:1      | Reached skill level 1 in Fighting
   840 | D:1      | Learned a level 2 spell: Searing Ray
  1039 | D:2      | Found an ancient bone altar of Kikubaaqudgha.
  1040 | D:2      | Noticed a vampire bat
  1050 | D:2      | Reached XP level 3. HP: 25/28 MP: 1/6
  1442 | D:2      | Noticed Ijyb
  1694 | D:2      | Killed a vampire bat
  1694 | D:2      | Reached XP level 4. HP: 33/36 MP: 4/8
  2647 | D:3      | Found a deep blue altar of Sif Muna.
  2750 | D:2      | Reached XP level 5. HP: 32/42 MP: 2/9
  3517 | D:3      | Found a bloodstained altar of Trog.
  3560 | D:3      | Found a sacrificial altar of Ru.
  3561 | D:3      | Found a blossoming altar of Fedhas.
  3699 | D:3      | Found a sparkling altar of Nemelex Xobeh.
  4005 | D:4      | Reached XP level 6. HP: 31/51 MP: 0/11
  4350 | D:4      | Reached skill level 5 in Conjurations
  4870 | D:4      | Noticed a phantom
  5082 | D:4      | Your scales start taking on a dull iron-grey colour.
  5082 | D:4      | Gained mutation: You can survive without breathing. [Grey Draconian growth]
  5082 | D:4      | Reached XP level 7. HP: 53/59 MP: 0/12
  5342 | D:3      | Became a worshipper of Sif Muna the Loreminder
  5372 | D:5      | Entered Level 5 of the Dungeon
  5941 | D:5      | Reached skill level 5 in Fighting
  6068 | D:5      | Killed from afar by an orc priest

Action                   |  1- 3 |  4- 6 |  7- 9 || total
-------------------------+-------+-------+-------++-------
Melee: Unarmed           |     6 |       |       ||     6
       Dagger            |    95 |   163 |    22 ||   280
 Cast: Magic Dart        |    43 |   124 |    32 ||   199
       Searing Ray       |     3 |     7 |     7 ||    17
  Use: Scroll            |     4 |     4 |       ||     8
       Potion            |       |     1 |       ||     1
 Stab: Sleeping          |     1 |     1 |       ||     2
       Distracted        |       |     1 |       ||     1
  Eat: Chunk             |     2 |    12 |     3 ||    17
